 Dungeon Crawl Stone Soup version 0.26.1-2-gb8aa6d0cf2 (webtiles) character file.

Game seed: 15348319322403336544

306 Revguard the Ducker (level 6, 0/51 HPs)
             Began as a Gnoll Gladiator on Mar 5, 2021.
             Was an Initiate of Cheibriados.
             Succumbed to a scorpion's poison
             ... on level 4 of the Dungeon.
             The game lasted 00:06:12 (2913 turns).

Revguard the Ducker (Gnoll Gladiator)               Turns: 2913, Time: 00:06:12

Health: 0/51       AC:  6    Str: 17    XL:     6   Next: 39%
Magic:  2/9        EV: 15    Int: 14    God:    Cheibriados [......]
Gold:   160        SH:  0    Dex: 17    Spells: 9/9 levels left

rFire    + . .     SeeInvis .   a - +1 long sword
rCold    + . .     Faith    .   (no shield)
rNeg     . . .     Spirit   .   k - +0 ring mail
rPois    +         Reflect  .   c - +0 helmet
rElec    +         Harm     .   (no cloak)
rCorr    +         Rampage  .   (no gloves)
Will     .....                  (no boots)
Stlth    +.........             (no amulet)
HPRegen  0.17/turn              (no ring)
MPRegen  0.11/turn              (no ring)

@: lethally poisoned (0 -> 0), resistant, very slow
A: distributed training, fangs 1, strong nose
a: Renounce Religion, Bend Time


You were on level 4 of the Dungeon.
You worshipped Cheibriados.
Cheibriados was noncommittal.
You visited 1 branch of the dungeon, and saw 4 of its levels.

You collected 160 gold pieces.

Inventory:

Hand Weapons
 a - a +1 long sword (weapon)
Missiles
 d - 3 throwing nets (quivered)
Armour
 b - a +0 leather armour
 c - a +0 helmet (worn)
 k - a +0 ring mail (worn)
Scrolls
 g - 2 scrolls of identify
 h - 2 scrolls of remove curse
 i - 2 scrolls of amnesia
 j - a scroll of fear {unknown}
 m - 2 scrolls of teleportation
 n - a scroll of magic mapping {unknown}
Potions
 e - 2 potions of attraction
 f - a potion of resistance
 l - a potion of brilliance


   Skills:
 + Level 5.0 Fighting
 + Level 2.0 Short Blades
 + Level 6.8 Long Blades
 + Level 2.0 Axes
 + Level 2.0 Maces & Flails
 + Level 2.0 Polearms
 + Level 2.0 Staves
 + Level 2.0 Slings
 + Level 2.0 Bows
 + Level 2.0 Crossbows
 + Level 5.0 Throwing
 + Level 2.0 Armour
 + Level 6.8 Dodging
 + Level 2.0 Stealth
 + Level 2.0 Shields
 + Level 2.0 Unarmed Combat
 + Level 2.0 Spellcasting
 + Level 1.5 Conjurations
 + Level 1.5 Hexes
 + Level 1.5 Summonings
 + Level 1.5 Necromancy
 + Level 1.5 Translocations
 + Level 1.5 Transmutations
 + Level 1.5 Fire Magic
 + Level 1.5 Ice Magic
 + Level 1.5 Air Magic
 + Level 1.5 Earth Magic
 + Level 1.5 Poison Magic
 + Level 2.1 Invocations
 + Level 2.0 Evocations


You had 9 spell levels left.
You didn't know any spells.
Your spell library was empty.

Dungeon Overview and Level Annotations

Branches:
Dungeon (4/15)
 Temple: D:4-7

Altars:
Cheibriados
Qazlal


Innate Abilities, Weirdness & Mutations

Your experience applies equally to all skills.
You have very sharp teeth.
Your uncanny sense of smell can sniff out nearby items.


Message History

Your Shields skill increases to level 2!
Your Unarmed Combat skill increases to level 2!
Your Spellcasting skill increases to level 2!
Your Evocations skill increases to level 2!
The flow of time bends around you. The flow of time bends around you.
* * * LOW HITPOINT WARNING * * *
You feel sick.
You feel protected.
Okay, then.
As you read the scroll of teleportation, it crumbles to dust.
You feel strangely unstable.
* * * LOW HITPOINT WARNING * * *
You feel sick.
Your surroundings suddenly seem different.
Found 6 gold pieces.
* * * LOW HITPOINT WARNING * * *
You feel sick.
You see here 6 gold pieces.
You die...

############
#$..@.......
#.##########
#....#
####.# .. .#
#


There were no monsters in sight!

Vanquished Creatures
  A scorpion (D:4)
  An iguana (D:4)
  A worker ant (D:4)
  An orc wizard (D:3)
  A gnoll (D:1)
  4 adders (D:3)
  An ooze (D:1)
  7 worms
  3 dart slugs
  3 leopard geckos
  8 orcs (D:3)
  3 ball pythons
  6 giant cockroaches
  7 goblins
  9 hobgoblins
  6 jackals
  11 kobolds
  2 quokkas (D:3)
  4 bats
  3 frilled lizards
  14 rats
96 creatures vanquished.

Notes
Turn   | Place    | Note
-------+----------+-------------------------------------------
     0 | D:1      | Revguard the Gnoll Gladiator began the quest for the Orb.
     0 | D:1      | Reached XP level 1. HP: 20/20 MP: 1/1
   110 | D:1      | Reached XP level 2. HP: 22/26 MP: 2/2
   209 | D:1      | Reached XP level 3. HP: 31/31 MP: 3/3
   544 | D:1      | Reached skill level 1 in Invocations
  1098 | D:2      | Reached skill level 1 in Short Blades
  1098 | D:2      | Reached skill level 1 in Axes
  1098 | D:2      | Reached skill level 1 in Maces & Flails
  1098 | D:2      | Reached skill level 1 in Polearms
  1098 | D:2      | Reached skill level 1 in Staves
  1098 | D:2      | Reached skill level 1 in Slings
  1098 | D:2      | Reached skill level 1 in Bows
  1098 | D:2      | Reached skill level 1 in Crossbows
  1098 | D:2      | Reached skill level 1 in Armour
  1098 | D:2      | Reached skill level 1 in Stealth
  1098 | D:2      | Reached skill level 1 in Shields
  1098 | D:2      | Reached skill level 1 in Unarmed Combat
  1098 | D:2      | Reached skill level 1 in Spellcasting
  1098 | D:2      | Reached skill level 1 in Evocations
  1250 | D:2      | Reached XP level 4. HP: 36/38 MP: 5/5
  1824 | D:3      | Reached skill level 1 in Conjurations
  1824 | D:3      | Reached skill level 1 in Hexes
  1824 | D:3      | Reached skill level 1 in Summonings
  1824 | D:3      | Reached skill level 1 in Necromancy
  1824 | D:3      | Reached skill level 1 in Translocations
  1824 | D:3      | Reached skill level 1 in Transmutations
  1824 | D:3      | Reached skill level 1 in Fire Magic
  1824 | D:3      | Reached skill level 1 in Ice Magic
  1824 | D:3      | Reached skill level 1 in Air Magic
  1824 | D:3      | Reached skill level 1 in Earth Magic
  1824 | D:3      | Reached skill level 1 in Poison Magic
  1834 | D:3      | Reached XP level 5. HP: 40/43 MP: 6/6
  2644 | D:3      | Found a snail-covered altar of Cheibriados.
  2649 | D:3      | Became a worshipper of Cheibriados the Contemplative
  2807 | D:4      | Reached XP level 6. HP: 50/50 MP: 8/8
  2867 | D:4      | Found a stormy altar of Qazlal.
  2900 | D:4      | HP: 2/50 [scorpion (2)]
  2902 | D:4      | Reached skill level 5 in Fighting
  2902 | D:4      | Reached skill level 5 in Throwing
  2907 | D:4      | HP: 1/51 [poisoned by a scorpion]
  2913 | D:4      | Succumbed to a scorpion's poison

Illustrated notes

Levels and vault maps discovered:
D:1:      dpeg_chamrin_arrival_tetris, layout_basic, st_stairs_8
D:2:      layout_basic, grunt_decor_cap
D:3:      minmay_bubble_buster, layout_loops_ring, marbit_many_paths
D:4:      layout_basic, lemuel_crystal_altar, lemuel_round_altar,
          kennysheep_mini_moat

Skill      XL: |  1  2  3  4  5  6 |
---------------+-------------------+-----
Invocations    | 1 2 |  2.1
Short Blades   | 1 2 |  2.0
Axes           | 1 2 |  2.0
Maces & Flails | 1 2 |  2.0
Polearms       | 1 2 |  2.0
Staves         | 1 2 |  2.0
Slings         | 1 2 |  2.0
Bows           | 1 2 |  2.0
Crossbows      | 1 2 |  2.0
Armour         | 1 2 |  2.0
Stealth        | 1 2 |  2.0
Shields        | 1 2 |  2.0
Unarmed Combat | 1 2 |  2.0
Spellcasting   | 1 2 |  2.0
Evocations     | 1 2 |  2.0
Conjurations   | 1 |  1.5
Hexes          | 1 |  1.5
Summonings     | 1 |  1.5
Necromancy     | 1 |  1.5
Translocations | 1 |  1.5
Transmutations | 1 |  1.5
Fire Magic     | 1 |  1.5
Ice Magic      | 1 |  1.5
Air Magic      | 1 |  1.5
Earth Magic    | 1 |  1.5
Poison Magic   | 1 |  1.5
Fighting       | 5 |  5.0
Throwing       | 5 |  5.0
Long Blades    | |  6.8
Dodging        | |  6.8

Action                   |  1- 3 |  4- 6 || total
-------------------------+-------+-------++-------
Melee: Long sword        |    67 |   151 ||   218
       Bite              |     9 |    17 ||    26
       Punch             |     1 |       ||     1
Invok: Bend Time         |       |     3 ||     3
  Use: Scroll            |     5 |     1 ||     6
       Potion            |     4 |     3 ||     7
Armor: Leather armour    |     4 |       ||     4
       Ring mail         |    11 |    29 ||    40
Dodge: Dodged            |    75 |   110 ||   185
       Rpst.: Long sword |    21 |    32 ||    53
